 Dungeon Crawl Stone Soup version 0.22.1-6-g1668fe2 (webtiles) character file.

87 Truthflux the Stinger (level 4, -2/24 HPs)
             Began as a Tengu Venom Mage on Jan 29, 2019.
             Killed from afar by an orc wizard (9 damage)
             ... with a puff of flame
             ... on level 3 of the Dungeon.
             The game lasted 00:11:42 (1899 turns).

Truthflux the Stinger (Tengu Venom Mage)            Turns: 1899, Time: 00:11:42

Health: -2/24      AC:  2    Str:  8    XL:     4   Next: 51%
Magic:  4/9        EV: 13    Int: 17    God:
Gold:   104        SH:  0    Dex: 14    Spells: 5/8 levels left

rFire    . . .     SeeInvis .   b - +0 dagger
rCold    . . .     Gourm    .   (no shield)
rNeg     . . .     Faith    .   m - +0 robe
rPois    .         Spirit   .   (helmet restricted)
rElec    .         Reflect  .   (no cloak)
rCorr    .         Harm     +   (no gloves)
MR       .....                  (boots unavailable)
Stlth    +.........             i - amulet of harm
HPRegen  0.08/turn              (no ring)
MPRegen  0.11/turn              (no ring)

@: confused
A: beak, talons 3
a: no special abilities


You were on level 3 of the Dungeon.
You were not hungry.

You visited 1 branch of the dungeon, and saw 3 of its levels.

You collected 104 gold pieces.

Inventory:

Hand Weapons
 b - a +0 dagger (weapon)
 j - a +2 spear of pain
Missiles
 f - 12 poisoned needles
 n - 18 bolts
Armour
 a - a +0 robe
 m - a +0 robe (worn)
Jewellery
 i - an amulet of harm (around neck)
Scrolls
 d - 3 scrolls of identify {unknown}
 g - a scroll of immolation {unknown}
 h - a scroll of fog {unknown}
 o - a scroll of amnesia {unknown}
Potions
 e - 2 potions of curing {unknown}
 k - a potion of might {unknown}
 l - a potion of heal wounds {unknown}
Comestibles
 c - 5 rations


   Skills:
 + Level 0.1 Fighting
 + Level 0.4 Short Blades
 + Level 2.6 Dodging
 + Level 2.6 Stealth
 + Level 2.6 Spellcasting
 + Level 2.6 Conjurations
 + Level 3.5 Poison Magic


You had 5 spell levels left.
You knew the following spells:

 Your Spells              Type           Power        Failure   Level  Hunger
a - Sting                 Conj/Pois      ##..         4%          1    #......
b - Poisonous Vapours     Pois/Air       #.....       13%         2    ##.....

Your spell library contained the following spells:

 Spells                   Type           Power        Failure   Level  Hunger
 Mephitic Cloud           Conj/Pois/Air  #.......     22%         3    ###....
 Olgreb's Toxic Radiance  Pois           ##......     38%         4    #####..
 Venom Bolt               Conj/Pois      ##........   80%         5    ######.


Dungeon Overview and Level Annotations

Branches:
Dungeon (3/15)

Altars:
Xom


Innate Abilities, Weirdness & Mutations

You have a beak for a mouth.
You have claws for feet.


Message History

You are more confused.
You're too confused to cast spells.
You're too confused!
You're too confused to cast spells.
You're too confused to move!
Something hits you.
You bump into the rock wall.
You hear some strange, mumbled words.
A magic dart appears from out of thin air!
The magic dart hits you!
You're too confused!
There are no items here.
Something hits you.
* * * LOW HITPOINT WARNING * * *
You're too confused to move!
Something hits you but does no damage.
You're too confused!
You're too confused to move!
You hear some strange, mumbled words.
A puff of flame appears from out of thin air!
The puff of flame hits you!
You die...

.............†# ..†#..........#
######## ###
.......<......###......# ####..
.>.............##......###....#
.#.....................##...##.
....######.#####......†#.).## ⌠
.......[.......)..........### .
.##..#####.....##......#..#.#.#
#####@####.####.#.8.# #......>#
#..#.## ######..<##.{##.#
#....#).# #.⌠ ##....... #.
#.J#..#. # #.#.#.⌠. #..# #o ##.
#o


There were no monsters in sight!

Vanquished Creatures
  Jessica (D:2)
  An ooze (D:1)
  2 worms (D:2)
  A leopard gecko (D:3)
  3 orcs (D:3)
  2 giant cockroaches
  5 goblins
  10 hobgoblins
  2 quokkas
  5 bats
  5 frilled lizards
  4 kobolds
  3 rats
44 creatures vanquished.

Notes
Turn   | Place    | Note
-------+----------+-------------------------------------------
     0 | D:1      | Truthflux the Tengu Venom Mage began the quest for the Orb.
     0 | D:1      | Reached XP level 1. HP: 10/10 MP: 4/4
     6 | D:1      | Noticed a swamp drake
     6 | D:1      | Noticed a polar bear
     6 | D:1      | Noticed a water moccasin
   276 | D:1      | Reached XP level 2. HP: 13/15 MP: 1/6
   343 | D:1      | Learned a level 2 spell: Poisonous Vapours
  1048 | D:2      | Reached XP level 3. HP: 19/19 MP: 5/7
  1251 | D:2      | Noticed Jessica
  1255 | D:2      | Killed Jessica
  1289 | D:2      | Reached XP level 4. HP: 24/24 MP: 2/8
  1593 | D:2      | Found a shimmering altar of Xom.
  1899 | D:3      | Killed from afar by an orc wizard

Skill      XL: |  1  2  3 |
---------------+----------+-----
Conjurations   | 2 |  2.6
Fighting       | |  0.1
Short Blades   | |  0.4
Dodging        | |  2.6
Stealth        | |  2.6
Spellcasting   | |  2.6
Poison Magic   | |  3.5

Action                   |  1- 3 |  4- 6 || total
-------------------------+-------+-------++-------
Melee: Dagger            |    28 |    13 ||    41
       Peck              |     6 |     1 ||     7
       Kick              |     5 |     2 ||     7
 Cast: Sting             |    52 |    28 ||    80
  Eat: Ration            |     1 |       ||     1
       Chunk             |       |     1 ||     1
Armor: Robe              |     7 |     7 ||    14
Dodge: Dodged            |    34 |    19 ||    53
